 Dungeon Crawl Stone Soup version 0.27.1-33-g824d729ab1 (webtiles) character file.

Game seed: 12027036937284701220

5835 Stadtfeld the Spear-Bearer (level 10, -7/111 HPs)
             Began as an Ogre Berserker on Dec 18, 2021.
             Was an Elder of Trog.
             Mangled by a seven-headed hydra (11 damage)
             ... on level 1 of the Lair of Beasts.
             The game lasted 01:13:03 (10331 turns).

Stadtfeld the Spear-Bearer (Ogre Berserker)        Turns: 10331, Time: 01:13:04

Health: -7/111     AC:  8    Str: 30    XL:     10   Next: 80%
Magic:  10/10      EV: 12    Int:  8    God:    Trog [****..]
Gold:   510        SH:  0    Dex: 14    Spells: 9/9 levels left

rFire    . . .     SeeInvis .   f - +2 scythe (freeze)
rCold    . . .     Faith    .   (shield currently unavailable)
rNeg     . . .     Spirit   .   q - +0 steam dragon scales
rPois    .         Reflect  .   s - +2 hat
rElec    .         Harm     .   (no cloak)
rCorr    .         Rampage  .   (gloves unavailable)
Will     +....                  (boots unavailable)
Stlth    ++........             c - amulet of regeneration
HPRegen  2.28/turn              w - +6 ring of strength
MPRegen  0.12/turn              a - +6 ring of dexterity

@: no status effects
A: large, unfitting armour, tough skin 1, regeneration 1, weak 1
a: Renounce Religion, Berserk, Trog's Hand, Brothers in Arms


You were on level 1 of the Lair of Beasts.
You worshipped Trog.
Trog was greatly pleased with you.
You visited 3 branches of the dungeon, and saw 10 of its levels.

You collected 510 gold pieces.

Inventory:

Hand Weapons
 e - a +4 quarterstaff of chaos
 f - a +2 scythe of freezing (weapon)
Missiles
 u - 7 curare-tipped darts
Armour
 b - a +1 animal skin
 q - +0 steam dragon scales (worn)
 s - a +2 hat (worn)
Jewellery
 a - a +6 ring of dexterity (right hand)
 c - an amulet of regeneration (around neck)
 n - an amulet of faith
 w - a +6 ring of strength (left hand)
Wands
 d - a wand of iceblast (4) (quivered)
 k - a wand of polymorph (6)
Scrolls
 g - a scroll of immolation
 i - a scroll of teleportation
 o - 5 scrolls of identify
 v - a scroll of fog
 x - a scroll of fear
 y - 3 scrolls of magic mapping
Potions
 j - 2 potions of flight
 m - a potion of cancellation
 p - a potion of resistance
 r - 2 potions of haste


   Skills:
 + Level 10.6 Fighting
 + Level 2.5 Maces & Flails
 + Level 11.1 Polearms
 + Level 1.6 Throwing
 + Level 6.5 Dodging
 + Level 3.3 Stealth
 + Level 1.2 Evocations


You had 9 spell levels left.
You didn't know any spells.
Your spell library was empty.

Dungeon Overview and Level Annotations

Branches:
Dungeon (8/15)             Temple (1/1) D:4            Lair (1/6) D:8

Altars:
Ashenzari
Cheibriados
Dithmenos
Elyvilon
Fedhas
Gozag
Hepliaklqana
Kikubaaqudgha
Makhleb
Nemelex Xobeh
Okawaru
Qazlal
Ru
Sif Muna
Trog
Uskayaw
Wu Jian
Xom
Yredelemnul
Zin
The Shining One

Shops:
D:5 =


Innate Abilities, Weirdness & Mutations

You are too large for most types of armour.
You have tough skin. (AC +1)
Your natural rate of healing is unusually fast.
You are weak. (Str -2)


Message History

Aiming: Iceblast
Press: ? - help, Q - select action, (/) - cycle Shift-Dir - straight line The mass of ice explodes!
The iceblast engulfs the six-headed hydra!!
The six-headed hydra is moderately wounded.
The six-headed hydra bites you but does no damage.
The six-headed hydra bites you. The six-headed hydra misses you.
The six-headed hydra bites you! The six-headed hydra barely misses you.
The six-headed hydra completely misses you.
You barely miss the six-headed hydra.
The six-headed hydra is moderately wounded.
The six-headed hydra misses you. The six-headed hydra bites you!
The six-headed hydra closely misses you.
The six-headed hydra bites you. The six-headed hydra misses you.
The six-headed hydra completely misses you.
The six-headed hydra bites you! The six-headed hydra misses you.
The six-headed hydra bites you! The six-headed hydra bites you.
The six-headed hydra barely misses you. x2
You chop one of the six-headed hydra's heads off!
The five-headed hydra grows two more!
You slash the seven-headed hydra! You freeze the seven-headed hydra.
The seven-headed hydra is moderately wounded.
The seven-headed hydra bites you. The seven-headed hydra bites you! x3
* * * LOW HITPOINT WARNING * * *
The seven-headed hydra closely misses you.
The seven-headed hydra bites you but does no damage.
The seven-headed hydra bites you.
* * * LOW HITPOINT WARNING * * *
There is an open door here.
The seven-headed hydra closely misses you.
The seven-headed hydra bites you.
* * * LOW HITPOINT WARNING * * *
The seven-headed hydra bites you!
* * * LOW HITPOINT WARNING * * *
The seven-headed hydra bites you!
* * * LOW HITPOINT WARNING * * *
The seven-headed hydra bites you.
* * * LOW HITPOINT WARNING * * *
The seven-headed hydra bites you!
You die...

#...# ##.## # ##'#####..
#............ #
....##......# .########
.....8.8....# #........
............# ###........
#...#8.8....####.D........
#...#...#...#...@#........
#...........#..#.#........
#...........'..###........
#...........#### #........
###..P#'.#### ###.#####
#####..#### ##
######'##.## #..........#
###..........#


You could see a seven-headed hydra.

Vanquished Creatures
  2 cane toads (Lair:1)
  A komodo dragon (Lair:1)
  Sigmund (D:4)
  5 yaks (Lair:1)
  A steam dragon (D:6)
  An acid dragon (D:8)
  3 water moccasins
  An orc warrior (D:8)
  2 ice beasts
  2 black bears
  2 sky beasts
  2 necrophages (D:6)
  3 ogres
  A centaur (D:7)
  2 kobold brigands
  A phantom (D:6)
  6 bullfrogs
  2 scorpions
  A water moccasin skeleton (D:6)
  7 wights (D:7)
  2 howler monkeys (D:8)
  A bullfrog zombie (D:3)
  5 hounds
  A jelly (D:7)
  A bullfrog skeleton (D:5)
  5 orc priests
  Crazy Yiuf (D:4)
  A gnoll shaman (D:4)
  An iguana (D:7)
  Ijyb (D:4)
  5 orc wizards
  A killer bee zombie (D:8)
  A howler monkey skeleton (D:4)
  A howler monkey zombie (D:8)
  5 gnolls (D:4)
  4 adders
  A white imp (D:5)
  2 adder zombies (D:5)
  2 worms
  A dart slug (D:1)
  17 orcs
  3 ball pythons
  7 bats (D:1)
  5 endoplasms
  5 giant cockroaches
  5 goblins
  3 hobgoblins
  3 jackals (D:3)
  2 quokkas (D:1)
  10 frilled lizards
  17 kobolds
  3 rats
168 creatures vanquished.

Vanquished Creatures (collateral kills)
  A hydra (Lair:1)
1 creature vanquished.

Vanquished Creatures (others)
  29 fungi
  15 plants
44 creatures vanquished.

Grand Total: 213 creatures vanquished

Notes
Turn   | Place    | Note
-------+----------+-------------------------------------------
     0 | D:1      | Stadtfeld the Ogre Berserker began the quest for the Orb.
     0 | D:1      | Reached XP level 1. HP: 24/24 MP: 1/1
    56 | D:1      | Gained mutation: You are weak. (Str -2) [potion of
                  | mutation]
    56 | D:1      | Gained mutation: Your natural rate of healing is unusually
                  | fast. [potion of mutation]
   231 | D:1      | Reached XP level 2. HP: 26/32 MP: 2/2
   660 | D:1      | Reached XP level 3. HP: 40/40 MP: 3/3
   712 | D:1      | Reached ** piety under Trog
  1007 | D:1      | Found a faded altar of an unknown god.
  1007 | D:1      | You fall into a shaft and drop 1 floor!
  2248 | D:3      | Reached XP level 4. HP: 28/49 MP: 4/4
  2319 | D:3      | Reached skill level 5 in Fighting
  2319 | D:3      | Reached skill level 4 in Polearms
  2327 | D:3      | Reached XP level 5. HP: 57/57 MP: 5/5
  2667 | D:3      | Reached *** piety under Trog
  2707 | D:3      | Found a hazy altar of Hepliaklqana.
  2917 | D:3      | Reached XP level 6. HP: 64/64 MP: 6/6
  3199 | D:4      | Reached skill level 5 in Polearms
  3258 | D:4      | Found a staircase to the Ecumenical Temple.
  3283 | D:4      | Noticed Ijyb
  3293 | D:4      | Killed Ijyb
  3401 | D:4      | Noticed Sigmund
  3433 | D:4      | Killed Sigmund
  3434 | D:4      | Reached skill level 1 in Maces & Flails
  3434 | D:4      | Reached XP level 7. HP: 40/75 MP: 7/7
  3672 | D:4      | Found a runed translucent door.
  3673 | D:4      | Noticed Crazy Yiuf
  3679 | D:4      | Killed Crazy Yiuf
  3905 | D:4      | Reached skill level 1 in Stealth
  4786 | Temple   | Entered the Ecumenical Temple
  5249 | D:5      | Entered Level 5 of the Dungeon
  5643 | D:5      | Found Josa's Jewellery Shop.
  6175 | D:5      | Reached XP level 8. HP: 87/87 MP: 8/8
  6478 | D:5      | Reached skill level 6 in Polearms
  6817 | D:6      | Reached skill level 5 in Dodging
  7151 | D:6      | Reached skill level 7 in Polearms
  7232 | D:6      | Reached XP level 9. HP: 96/96 MP: 9/9
  7318 | D:6      | Found a broken altar of Ashenzari.
  7812 | D:6      | Reached skill level 8 in Polearms
  8027 | D:7      | Reached **** piety under Trog
  8202 | D:7      | Reached skill level 1 in Throwing
  8352 | D:7      | Reached skill level 9 in Polearms
  9025 | D:8      | Found a white marble altar of Elyvilon.
  9026 | D:8      | Found an ornate altar of the Wu Jian Council.
  9247 | D:8      | Found a staircase to the Lair.
  9404 | D:8      | Reached XP level 10. HP: 103/107 MP: 10/10
  9831 | Lair:1   | Entered Level 1 of the Lair of Beasts
  9831 | Lair:1   | Noticed a cane toad
  9831 | Lair:1   | Noticed a six-headed hydra
  9835 | Lair:1   | Killed a cane toad
  9835 | Lair:1   | Reached ***** piety under Trog
  9835 | Lair:1   | HP: 3/107 [six-headed hydra (4)]
  9836 | Lair:1   | Reached skill level 10 in Polearms
  9848 | Lair:1   | Killed a six-headed hydra
  9956 | Lair:1   | Noticed a cane toad
  9962 | Lair:1   | Killed a cane toad
  9963 | Lair:1   | Reached skill level 10 in Fighting
  9992 | Lair:1   | Reached skill level 1 in Evocations
 10111 | Lair:1   | Reached skill level 11 in Polearms
 10323 | Lair:1   | Noticed a six-headed hydra
 10331 | Lair:1   | HP: 4/111 [seven-headed hydra (6)]
 10331 | Lair:1   | Mangled by a seven-headed hydra

Illustrated notes

Levels and vault maps discovered:
D:1:      dpeg_arrival_round_a, layout_loops_ring,
          ebering_ecumenical_altar_webs, st_stairs_1, minmay_lizard_pond
D:2:      layout_basic
D:3:      layout_basic, nicolae_hepliaklqana_hazy_memory, patterned_corridor
D:4:      layout_basic, minmay_temple_entry_grid, serial_aquarium,
          aquarium_bridge_straight [aquarium_subvault_bridge,
          aquarium_subvault_wall, aquarium_subvault_bridge,
          aquarium_subvault_window], aquarium_window_1, aquarium_window_fake,
          aquarium_window_1, aquarium_window_fake, aquarium_view_2f,
          aquarium_pool_2, nrook_loot_triangle, uniq_sigmund, uniq_ijyb,
          uniq_crazy_yiuf_cottage
D:5:      layout_loops_ring, serial_shops, shop, serial_aquarium,
          aquarium_bridge_straight [aquarium_subvault_bridge,
          aquarium_subvault_balcony, aquarium_subvault_bridge,
          aquarium_subvault_wall], aquarium_bridge_square
          [aquarium_subvault_window, aquarium_subvault_window,
          aquarium_subvault_wall, aquarium_subvault_bridge], aquarium_window_3,
          aquarium_window_corner, aquarium_window_corner, aquarium_window_fake,
          aquarium_view_2c, aquarium_view_2e
D:6:      layout_basic, cheibrodos_ashenzari_chains, serial_glass,
          glass_columns_a, glass_columns_a
D:7:      layout_loops_ring, grunt_decor_mini_mirrors
D:8:      layout_basic, mainiacjoe_overflow_divided_tiny, lair_entry_dummy,
          roderic_serpentine_path, minmay_crystal_water
Temple:   minmay_crystal_spiral_temple
Lair:1:   layout_roguey, small_statue_intersection, uniq_gastronok

Skill      XL: |  1  2  3  4  5  6  7  8  9 10 |
---------------+-------------------------------+-----
Dodging        | 3 4 5 6 |  6.5
Fighting       | 5 6 7 8 9 10 | 10.6
Polearms       | 4 5 7 9 11 | 11.1
Maces & Flails | 1 2 |  2.5
Stealth        | 1 2 3 |  3.3
Throwing       | 1 |  1.6
Evocations     | 1 |  1.2

Action                   |  1- 3 |  4- 6 |  7- 9 | 10-12 || total
-------------------------+-------+-------+-------+-------++-------
Melee: Spear             |   187 |   106 |       |       ||   293
       Flail             |       |    46 |       |       ||    46
       Scythe            |       |       |   237 |    99 ||   336
Throw: Throwing net      |       |     1 |       |       ||     1
       Dart              |       |       |     2 |       ||     2
       Javelin           |       |       |     2 |       ||     2
Invok: Berserk           |     1 |     5 |     7 |     1 ||    14
       Trog's Hand       |       |     2 |       |     1 ||     3
       Brothers in Arms  |       |       |       |     1 ||     1
Evoke: Wand              |       |       |     5 |     6 ||    11
  Use: Potion            |     6 |     3 |     3 |     2 ||    14
       Scroll            |     3 |     4 |     8 |     2 ||    17
 Stab: Sleeping          |       |       |     3 |       ||     3
       Distracted        |       |       |     1 |       ||     1
Armor: Animal skin       |    75 |    26 |    36 |       ||   137
       Steam dragon scal |       |       |    73 |    21 ||    94
Dodge: Dodged            |   148 |    75 |   204 |    51 ||   478
